 Dungeon Crawl Stone Soup version 0.21.1-1-g345015f (webtiles) character file.

10034 HammerPanzer the Bludgeoner (level 11, -6/105 HPs)
             Began as a Minotaur Berserker on Mar 31, 2018.
             Was a High Priest of Trog.
             Mangled by a cyan ugly thing (16 damage)
             ... on level 11 of the Dungeon.
             The game lasted 00:28:43 (10347 turns).

HammerPanzer the Bludgeoner (Minotaur Berserker)   Turns: 10347, Time: 00:28:44

Health: -6/105     AC: 11    Str: 22    XL:     11   Next: 30%
Magic:  10/10      EV:  8    Int:  7    God:    Trog [*****.]
Gold:   658        SH:  7    Dex: 10    Spells: 10/10 levels left

rFire    + . .     SeeInvis .   m - +3 mace (venom)
rCold    + . .     Gourm    .   v - +0 shield
rNeg     . . .     Faith    .   s - +4 ring mail of the Eight Boll Weevils {rC+}
rPois    .         Spirit   .   (helmet restricted)
rElec    .         Reflect  .   y - +1 cloak
rCorr    .         Harm     .   (no gloves)
MR       .....                  (no boots)
Stlth    ..........             A - amulet of regeneration
HPRegen  0.67/turn              (no ring)
MPRegen  0.12/turn              z - ring of protection from fire

@: berserk cooldown, slowed, very slow
A: retaliatory headbutt, horns 2
a: Berserk, Trog's Hand, Brothers in Arms, Burn Spellbooks, Renounce Religion


You were on level 11 of the Dungeon.
You worshipped Trog.
Trog was extremely pleased with you.
You were not hungry.

You visited 1 branch of the dungeon, and saw 11 of its levels.
You also visited: Sewer.

You collected 658 gold pieces.

Inventory:

Hand Weapons
 m - a +3 mace of venom (weapon)
Missiles
 t - 5 tomahawks of dispersal (quivered)
Armour
 s - the +4 ring mail of the Eight Boll Weevils (worn) {rC+}
   (You found it on level 8 of the Dungeon)

   It protects you from cold.
 v - a +0 shield (worn)
 y - a +1 cloak (worn)
Jewellery
 u - an uncursed amulet of the gourmand
 x - an uncursed amulet of harm
 z - a ring of protection from fire (right hand)
 A - an amulet of regeneration (around neck)
 C - a cursed ring of loudness {unknown}
Wands
 b - a wand of paralysis (23)
 o - a wand of clouds (3)
 q - a wand of random effects (27)
 B - a wand of polymorph (15)
Scrolls
 d - 7 scrolls of remove curse
 g - a scroll of enchant armour
 h - 3 scrolls of teleportation
 p - 4 scrolls of enchant weapon
 r - 4 scrolls of identify
Potions
 a - 2 potions of flight
 e - a potion of haste
 f - a potion of berserk rage
 i - 5 potions of curing
 k - a potion of cancellation {unknown}
 l - 2 potions of brilliance {unknown}
 n - 2 potions of heal wounds {unknown}
 w - 2 potions of mutation {unknown}
Comestibles
 c - 19 rations


   Skills:
 + Level 12.5 Fighting
 * Level 16.5 Maces & Flails
 - Level 2.4 Armour
 - Level 2.1 Dodging


You had 10 spell levels left.
You didn't know any spells.

Dungeon Overview and Level Annotations

Branches:
Dungeon (11/15)            Temple (0/1) D:4            Lair (0/6) D:8
    Orc (0/2) D:9

Altars:
Ashenzari
Cheibriados
Elyvilon
Fedhas
Kikubaaqudgha
Makhleb
Nemelex Xobeh
Okawaru
Sif Muna
Uskayaw
Wu Jian
Xom
Yredelemnul

Shops:
D:4 (===}


Innate Abilities, Weirdness & Mutations

You reflexively headbutt those who attack you in melee.
You have a pair of horns on your head.


Message History

You block the cyan ugly thing's attack.
You hit the cyan ugly thing.
You headbutt the cyan ugly thing, but do no damage.
The cyan ugly thing is moderately wounded.
The cyan ugly thing headbutts you. The cyan ugly thing shocks you!
You hit the cyan ugly thing but do no damage.
The cyan ugly thing is moderately wounded.
You block the cyan ugly thing's attack. x2
You closely miss the cyan ugly thing.
Your headbutt misses the cyan ugly thing.
The cyan ugly thing is moderately wounded.
The cyan ugly thing headbutts you!
* * * LOW HITPOINT WARNING * * *
The cyan ugly thing shocks you!
* * * LOW HITPOINT WARNING * * *
You block the cyan ugly thing's attack. The cyan ugly thing headbutts you.
* * * LOW HITPOINT WARNING * * *
The cyan ugly thing shocks you!
You die...

.# .. .# ...
##### #####.##..
...=$##.......#
###...#..(....# #
$....D........#.#
#.#####u.........
#@†........
#<)).....#.
#..).......
#..........
.....####...
##.#### .. #. .
.. .#.


You could see a cyan ugly thing.

Vanquished Creatures
  Erolcha (D:9)
  2 two-headed ogres (D:8)
  The ghost of Ratty the Fighter, a novice CeMo of Okawaru (D:8)
  A kobold demonologist (D:9)
  5 yaktaurs (D:10)
  A komodo dragon (D:11)
  A troll (D:10)
  A spriggan (D:8)
  3 yaks (D:11)
  A hungry ghost (D:9)
  2 orc warriors
  4 sky beasts
  2 ice beasts
  A black bear (D:10)
  An eye of draining (D:9)
  2 phantoms
  5 centaurs
  A necrophage (D:8)
  10 ogres
  2 big kobolds
  A bullfrog (D:9)
  2 scorpions
  8 killer bees
  3 wights (D:6)
  3 howler monkeys
  2 crimson imps
  2 bullfrog zombies
  A gnoll shaman (D:8)
  8 orc wizards
  3 hounds
  2 centaur skeletons
  7 orc priests
  Crazy Yiuf (D:7)
  3 bullfrog skeletons
  3 iguanas
  4 worker ants
  2 hound skeletons (D:4)
  A hound zombie (D:7)
  A howler monkey skeleton (D:8)
  6 gnolls
  14 adders
  A shadow imp (D:8)
  2 adder skeletons
  A worm (D:4)
  2 dart slugs
  11 leopard geckos
  52 orcs
  6 giant cockroaches
  3 goblins
  16 hobgoblins
  10 jackals
  A quokka (D:7)
  3 ball pythons
  4 bats
  5 frilled lizards
  12 kobolds
  A leopard gecko skeleton (D:4)
  15 rats
  A fungus (D:7)
270 creatures vanquished.

Notes
Turn   | Place    | Note
-------+----------+-------------------------------------------
     0 | D:1      | HammerPanzer the Minotaur Berserker began the quest for the Orb.
     0 | D:1      | Reached XP level 1. HP: 19/19 MP: 0/0
   105 | D:1      | Reached skill level 4 in Maces & Flails
   364 | D:1      | Reached XP level 2. HP: 27/27 MP: 1/1
   726 | D:2      | Reached ** piety under Trog
   745 | D:2      | Reached XP level 3. HP: 31/33 MP: 2/2
   814 | D:2      | Reached skill level 5 in Maces & Flails
  1073 | D:2      | Reached XP level 4. HP: 32/41 MP: 3/3
  1560 | D:3      | Found a glowing drain.
  1576 | Sewer    | Entered a sewer
  1709 | Sewer    | Noticed a big kobold
  1728 | Sewer    | Killed a big kobold
  1728 | Sewer    | Reached skill level 5 in Fighting
  1728 | Sewer    | Reached skill level 6 in Maces & Flails
  1728 | Sewer    | Reached XP level 5. HP: 36/48 MP: 4/4
  1905 | Sewer    | Found a white marble altar of Elyvilon.
  1975 | D:3      | Reached *** piety under Trog
  2016 | D:3      | Found a shattered altar of Ashenzari.
  2556 | D:4      | Noticed a phantom
  2591 | D:4      | Reached skill level 7 in Maces & Flails
  2591 | D:4      | Reached XP level 6. HP: 56/56 MP: 5/5
  2815 | D:4      | Found Cazeyvar's Jewellery Shop.
  2850 | D:4      | Reached **** piety under Trog
  2857 | D:4      | Reached skill level 8 in Maces & Flails
  2881 | D:4      | Reached XP level 7. HP: 33/64 MP: 6/6
  3123 | D:4      | Found a staircase to the Ecumenical Temple.
  3138 | D:4      | Found Ytaiheix's Jewellery Shop.
  3293 | D:4      | Found a burning altar of Makhleb.
  3302 | D:4      | Found Curcheiwul's Weapon Boutique.
  3480 | D:4      | Received a gift from Trog
  3536 | D:4      | Reached skill level 9 in Maces & Flails
  3605 | D:4      | Found Dunum's Gadget Shop.
  3658 | D:4      | Found Luipp's Jewellery Emporium.
  3712 | D:5      | Entered Level 5 of the Dungeon
  3774 | D:5      | Reached XP level 8. HP: 33/73 MP: 7/7
  4061 | D:5      | Found a hide-covered altar of Uskayaw.
  4140 | D:5      | Found an ornate altar of the Wu Jian Council.
  4177 | D:5      | Found an ancient bone altar of Kikubaaqudgha.
  4507 | D:5      | Reached skill level 10 in Maces & Flails
  4927 | D:6      | Reached skill level 11 in Maces & Flails
  5386 | D:6      | Found a snail-covered altar of Cheibriados.
  5463 | D:6      | Found an iron altar of Okawaru.
  5944 | D:7      | Reached XP level 9. HP: 81/82 MP: 8/8
  6005 | D:7      | Found a deep blue altar of Sif Muna.
  6650 | D:7      | Found a runed door.
  6654 | D:7      | Noticed Crazy Yiuf
  6658 | D:7      | Killed Crazy Yiuf
  6658 | D:7      | Reached skill level 12 in Maces & Flails
  6783 | D:8      | Noticed a two-headed ogre
  6792 | D:8      | Killed a two-headed ogre
  6983 | D:8      | Noticed Ratty's ghost (novice CeMo)
  7008 | D:8      | Killed Ratty's ghost
  7008 | D:8      | Reached skill level 10 in Fighting
  7008 | D:8      | Reached skill level 13 in Maces & Flails
  7322 | D:8      | Reached ***** piety under Trog
  7455 | D:8      | Found a blossoming altar of Fedhas.
  7551 | D:8      | Reached XP level 10. HP: 94/94 MP: 9/9
  7697 | D:8      | Found a staircase to the Lair.
  7762 | D:8      | Noticed a two-headed ogre
  7771 | D:8      | Killed a two-headed ogre
  7771 | D:8      | Reached skill level 14 in Maces & Flails
  8248 | D:8      | Got a spiked ring mail
  8311 | D:8      | Identified the +4 ring mail of the Eight Boll Weevils {rC+} (You found it on level 8 of the Dungeon)
  8315 | D:9      | Found a staircase to the Orcish Mines.
  8336 | D:9      | Noticed Erolcha
  8486 | D:9      | Paralysed by Erolcha for 3 turns
  8493 | D:9      | Killed Erolcha
  8806 | D:9      | Found a white marble altar of Elyvilon.
  8848 | D:9      | Reached skill level 15 in Maces & Flails
  9024 | D:9      | Found a basalt altar of Yredelemnul.
  9212 | D:9      | Found a shimmering altar of Xom.
  9213 | D:9      | Found a shimmering altar of Xom.
  9220 | D:9      | Found a shimmering altar of Xom.
  9221 | D:9      | Found a shimmering altar of Xom.
  9244 | D:9      | Found a sparkling altar of Nemelex Xobeh.
  9517 | D:10     | Entered Level 10 of the Dungeon
  9832 | D:10     | Reached XP level 11. HP: 104/104 MP: 10/10
  9835 | D:10     | Reached skill level 16 in Maces & Flails
 10320 | D:11     | Received a gift from Trog
 10335 | D:11     | Noticed a cyan ugly thing
 10347 | D:11     | Mangled by a cyan ugly thing

Skill      XL: |  1  2  3  4  5  6  7  8  9 10 11 |
---------------+----------------------------------+-----
Maces & Flails | 4 5 6 7 8 9 11 13 15 16 | 16.5
Fighting       | 4 5 6 7 8 10 12 | 12.5
Armour         | |  2.4
Dodging        | |  2.1

Action                   |  1- 3 |  4- 6 |  7- 9 | 10-12 || total
-------------------------+-------+-------+-------+-------++-------
Melee: Mace              |    87 |   140 |   273 |   221 ||   721
       Headbutt          |    11 |    20 |    68 |    45 ||   144
Invok: Berserk           |     1 |     2 |     4 |     6 ||    13
       Burn Spellbooks   |       |     1 |       |       ||     1
  Use: Scroll            |       |       |    12 |     5 ||    17
  Eat: Chunk             |     1 |     7 |    32 |    10 ||    50
Armor: Animal skin       |     3 |       |       |       ||     3
       Leather armour    |    17 |       |       |       ||    17
       Ring mail         |     2 |    32 |    15 |    53 ||   102
       Chain mail        |       |       |    63 |       ||    63
       Plate armour      |       |       |       |    13 ||    13
Dodge: Dodged            |    89 |    70 |    57 |    52 ||   268
Block: Shield            |       |       |    61 |    70 ||   131
